 Dungeon Crawl Stone Soup version 0.27-a0-887-gcab673c142 (webtiles) character file.

Game seed: 9523823727613624685

17 Alarkh the Skirmisher (level 2, 24/24 HPs)
             Began as a Demonspawn Fighter on Apr 4, 2021.
             Got out of the dungeon alive.
             The game lasted 00:00:44 (584 turns).

Alarkh the Skirmisher (Demonspawn Fighter)           Turns: 584, Time: 00:00:44

Health: 24/24      AC:  8    Str: 16    XL:     2   Next: 44%
Magic:  2/2        EV:  6    Int:  9    God:
Gold:   73         SH:  8    Dex: 12    Spells: 1/1 levels left

rFire    . . .     SeeInvis .     - Unarmed
rCold    . . .     Faith    .   b - +0 kite shield
rNeg     . . .     Spirit   .   a - +0 scale mail
rPois    .         Reflect  .   (no helmet)
rElec    .         Harm     .   (no cloak)
rCorr    .         Rampage  .   (no gloves)
Will     .....                  (no boots)
Stlth    ..........             (no amulet)
HPRegen  0.08/turn              (no ring)
MPRegen  0.08/turn              (no ring)

@: no status effects
A: slimy green scales 1
a: no special abilities


You escaped.
You visited 1 branch of the dungeon, and saw 2 of its levels.

You collected 73 gold pieces.

Inventory:

Armour
 a - a +0 scale mail (worn)
 b - a +0 kite shield (worn)
Potions
 c - a potion of might
 d - a potion of resistance {unknown}
 e - a potion of cancellation {unknown}


   Skills:
 + Level 3.2 Fighting
 - Level 2.6 Armour
 + Level 2.9 Shields
 * Level 2.3 Unarmed Combat


You had one spell level left.
You didn't know any spells.
Your spell library was empty.

Dungeon Overview and Level Annotations

Branches:
Dungeon (2/15)

Altars:
Ru


Innate Abilities, Weirdness & Mutations

You are partially covered in slimy green scales. (AC +2)


Message History

No target in view!
No target in view!
No target in view!
No target in view!
No target in view!
No target in view!
No target in view!
No target in view!
(D) Dungeon
Where to? (Enter - D:2 @ (x,y), ? - help)
Okay, then.
You see here a +0 chain mail.
An endoplasm comes into view.
The endoplasm quivers.
You can't go up here!
You hit the endoplasm.
The endoplasm is lightly wounded.
The endoplasm hits you but does no damage.
You hit the endoplasm.
The endoplasm is almost dead.
The endoplasm barely misses you.
You hit the endoplasm.
You kill the endoplasm!
No target in view!
No target in view!
No target in view!
No target in view!
No target in view!
No target in view!
No target in view!
No target in view!
No target in view!
(D) Dungeon
Where to? (Enter - D:1 @ (x,y), ? - help)
e - a bubbling amethyst potion
There is an open door here.
There is an open door here.
There is a staircase leading out of the dungeon here.
Are you sure you want to leave the Dungeon?
This will make you lose the game!
You have escaped!

.####..## #.##....
. ##..##########
#.... .
##..'P≈≈.≈≈≈#
#.... ####.≈≈P≈.≈#
#.... #...≈.≈≈#
##### #P≈....≈#
###≈.≈P.#.#
##.#.≈≈≈≈#.#
#######..'≈≈.≈≈#@#
.........#########
.#####.>.# .#
#...## ..###).##
.......######
..............
###..#########
.....## ...


There were no monsters in sight!

Vanquished Creatures
  3 bats
  2 endoplasms
  A giant cockroach (D:2)
  2 hobgoblins (D:1)
  A quokka (D:1)
  A ball python (D:1)
  3 frilled lizards
  A kobold (D:2)
  3 rats
17 creatures vanquished.

Notes
Turn   | Place    | Note
-------+----------+-------------------------------------------
     0 | D:1      | Alarkh the Demonspawn Fighter began the quest for the Orb.
     0 | D:1      | Reached XP level 1. HP: 18/18 MP: 1/1
    65 | D:1      | You fall into a shaft and drop 1 floor!
   276 | D:2      | Found a sacrificial altar of Ru.
   304 | D:2      | Gained mutation: You are partially covered in slimy green
                  | scales. (AC +2) [demonic ancestry]
   304 | D:2      | Reached XP level 2. HP: 21/24 MP: 2/2
   584 | D:$      | Got out of the dungeon alive.

Illustrated notes

Levels and vault maps discovered:
D:1:      lightli_arrival_flooded_house, layout_rooms, minmay_tree_intersection,
          dk_noncrumbling_2, serial_bayou_pond_d
D:2:      layout_loops_corners, basic_altar

Skill      XL: |  1 |
---------------+----+-----
Unarmed Combat | 2 |  2.3
Fighting       | |  3.2
Armour         | |  2.6
Shields        | |  2.9

Action                   || total
-------------------------++-------
Melee: Unarmed           ||    90
Armor: Scale mail        ||    65
Dodge: Dodged            ||    37
Block: Kite shield       ||    54

Table legend: (Time is in decaauts)
 A = Elapsed time spent in this place.
 B = Non-inter-level travel time spent in this place.
 C = Inter-level travel time spent in this place.
 D = Time resting spent in this place.
 E = Time spent auto-exploring this place.
 F = Levels seen in this place.
 G = Mean time per level.
                   A        B        C        D        E       F      G
               +--------+--------+--------+--------+--------+-----+--------+
         Total |    603 |    545 |     58 |     96 |    259 |   2 |  301.5 |
       Dungeon |    603 |    545 |     58 |     96 |    259 |   2 |  301.5 |
               +--------+--------+--------+--------+--------+-----+--------+

Top non-repeatable levels by time:
     D:1: 350 daAuts
     D:2: 253 daAuts
